 Dungeon Crawl Stone Soup version 0.30.1-11-g7821555f0a (webtiles) character file.

Game seed: 13576444485642363598

3 comborobin the Sneak (level 1, -5/18 HPs)
             Began as a Formicid Delver on Dec 16, 2023.
             Slain by a phantom (6 damage)
             ... on level 4 of the Dungeon.
             The game lasted 00:00:34 (245 turns).

comborobin the Sneak (Formicid Delver)               Turns: 245, Time: 00:00:35

Health: -5/18      AC:  3    Str: 16    XL:     1   Next: 55%
Magic:  1/1        EV: 12    Int:  9    God:
Gold:   0          SH:  0    Dex: 15    Spells: 0/0 levels left

rFire   . . .        a - +0 mace
rCold   . . .        (no shield)
rNeg    . . .        b - +0 leather armour
rPois   .            (helmet unavailable)
rElec   .            (no cloak)
rCorr   .            (no gloves)
SInv    +            (no boots)
Will    .....        (no amulet)
Stlth   +++          (no ring)
HPRegen 0.23/turn    (no ring)
MPRegen 0.07/turn

%: no passive effects
@: no status effects
A: permanent stasis, dig shafts and tunnels, antennae 3, four strong arms
a: Dig, Shaft Self


You were on level 4 of the Dungeon.
You visited 1 branch of the dungeon, and saw 3 of its levels.

Inventory:

Hand Weapons
 a - a +0 mace (weapon)
Armour
 b - a +0 leather armour (worn)
Wands
 f - a wand of digging (3)
Scrolls
 c - a scroll of fog
 d - a scroll of identify {unknown}
 g - a scroll of teleportation {unknown}
 h - a scroll of amnesia {unknown}


   Skills:
 - Level 3.2 Fighting
 + Level 2.3 Maces & Flails
 - Level 1.7 Dodging
 - Level 6.0 Stealth


You couldn't memorise any spells.
You didn't know any spells.
Your spell library was empty.

Dungeon Overview and Level Annotations

Branches:
Dungeon (6/15)
 Temple: D:4-7

Altars:


Innate Abilities, Weirdness & Mutations

You cannot be hasted, slowed, berserked, paralysed or teleported.
You can dig through walls and to a lower floor.
You have a pair of large antennae on your head. (SInv)
Your four strong arms can wield two-handed weapons with a shield.


Message History

You closely miss the jackal.
The jackal is heavily wounded.
The jackal bites you.
* * * LOW HITPOINT WARNING * * *
The jackal barely misses you.
You closely miss the jackal.
The jackal is heavily wounded.
The jackal closely misses you.
You hit the jackal.
You kill the jackal!
You start resting.
HP restored.
There is a stone staircase leading up here.
You climb upwards.
The phantom hits you. The phantom barely misses you.
There is a stone staircase leading down here.
The phantom hits you but does no damage.
You climb downwards.
There is a stone staircase leading up here.
You aren't carrying any potions.
Okay, then.
The phantom closely misses you.
You climb upwards.
There is a stone staircase leading down here.
The phantom hits you.
You climb downwards.
There is a stone staircase leading up here.
The phantom hits you.
You climb upwards.
There is a stone staircase leading down here.
The phantom attacks as you move away! The phantom hits you.
Things that are here:
a +0 mace; an orc skeleton The phantom attacks as you move away!
The phantom hits you.
The phantom hits you but does no damage.
The phantom attacks as you move away! The phantom hits you.
* * * LOW HITPOINT WARNING * * *
The phantom attacks as you move away! The phantom hits you.
* * * LOW HITPOINT WARNING * * *
The phantom attacks as you move away! The phantom hits you.
You die...

{ #+# #.# #.#
####.###
#......######
#...........###.#
#.#....#.@W.....#
####.#.......#.#####
........#.####.#
####.##.#.####.#
#.##.#...>).#
#...{{.######
####.### #.# #.#


You could see a phantom.

Vanquished Creatures
  An orc (D:4)
  A jackal (D:5)
2 creatures vanquished.

Notes
Turn   | Place    | Note
-------+----------+-------------------------------------------
     0 | D:5      | comborobin the Formicid Delver began the quest for the Orb.
     0 | D:5      | Reached XP level 1. HP: 18/18 MP: 1/1
     5 | D:6      | Noticed a black bear
     5 | D:6      | Noticed an iguana
     7 | D:5      | Noticed a scorpion
   130 | D:4      | Noticed a phantom
   245 | D:4      | Slain by a phantom

Illustrated notes

Levels and vault maps discovered:
D:4:      layout_loops_corners, minmay_lizard_king, uniq_sigmund
D:5:      layout_basic
D:6:      layout_loops_ring, mainiacjoe_overflow_catwalk,
          grunt_dithmenos_shadows, mainiacjoe_overflow_alcove_2,
          mainiacjoe_overflow_cross_hatched, temple_doors_ab,
          uniq_prince_ribbit1, uniq_grinder

Action                     || total
---------------------------++-------
  Melee: Mace              ||    12
         Punch             ||     1
    Use: Scroll            ||     2
 Armour: Leather armour    ||     7
  Dodge: Dodged            ||    16
